Sewer Rats vs Spitfire
Created - 30 décembre 2012 at 22:31
Goals
|
| Sewer Rats |
1 |
2 |
1 |
4 |
| Spitfire |
3 |
0 |
3 |
6 |
|
Shots
|
| Sewer Rats |
7 |
11 |
18 |
36 |
| Spitfire |
10 |
11 |
14 |
35 |
|
1st period
1. Sewer Rats , Mark Mancari 5 (Maxim Talbot, Karel Rachunek) at 6:31
2. Spitfire , Tim Kennedy 9 (Denis Shvidki, Kris Beech) at 9:13
3. Spitfire , Derick Brassard 10 (Matt Walker, Eric Fehr) at 11:25 (PP)
4. Spitfire , Martin Samuelsson 13 (Shean Donovan, David Krejci) at 19:41
Penalties :
Marc-André Cliche (Tol) for Hooking (Minor) at 10:05
2nd period
5. Sewer Rats , Maxim Talbot 7 (Niko Dimitrakos, Karel Rachunek) at 4:31 (SH)
6. Sewer Rats , Shawn Matthias 2 (Chris Clark, Kyle Quincey) at 18:55
Penalties :
Maxim Talbot (Tol) for Tripping (Minor) at 0:36, Ville Leino (Tol) for Slashing (Double Minor) at 3:56, Martin Samuelsson (Val) for Interference (Minor) at 13:18, Max Pacioretty (Tol) for Hooking (Minor) at 13:18, Derick Brassard (Val) for Holding (Minor) at 18:58, Raphael Diaz (Tol) for Hooking (Minor) at 18:58
3rd period
7. Spitfire , Shean Donovan 11 (Dick Tarnstrom, Martin Samuelsson) at 0:19
8. Sewer Rats , Maxim Talbot 8 (Ville Leino, Karel Rachunek) at 2:08
9. Spitfire , Martin Samuelsson 14 (Shean Donovan, David Krejci) at 2:24
10. Spitfire , Mathieu Roy 1 (Kris Beech, Denis Shvidki) at 9:24
Penalties :
Karel Rachunek (Tol) for Hooking (Minor) at 2:25
Goalie Stats
Cédric Desjardins (Tol), 29 saves from 35 shots - (0,829), L, 3-4-0, 60:00 minutes
Marc Denis (Val), 32 saves from 36 shots - (0,889), W, 11-5-1, 60:00 minutes
Players Stats for Sewer Rats
Player Name G A P +/- PIM S H SB GA TA FO MP PP MP PK MP
------------------------------------------------------------------------------------
Bryan Little 0 0 0 -3 0 5 1 0 1 0 10/24 18:04 0:00 1:59
Chris Clark 0 1 1 0 0 3 2 0 1 1 0/0 14:37 0:00 2:15
Derek Dorsett 0 0 0 0 0 0 2 0 2 0 0/0 6:14 0:00 0:00
John-Michael Liles 0 0 0 2 0 1 2 2 0 0 0/0 23:32 0:00 3:24
Jonathan Paiement 0 0 0 0 0 1 0 1 0 0 0/0 3:49 0:00 0:41
Karel Rachunek 0 3 3 1 2 1 1 4 0 0 0/0 24:16 0:00 4:18
Kyle Quincey 0 1 1 -1 0 1 0 0 1 2 0/0 15:09 0:00 0:04
Lars Eller 0 0 0 0 0 0 0 0 0 0 0/0 6:14 0:00 0:00
Marc-André Cliche 0 0 0 0 2 1 0 0 1 0 2/5 6:35 0:00 0:18
Mark Mancari 1 0 1 2 0 2 0 0 0 0 0/3 13:10 0:00 0:00
Matt Lashoff 0 0 0 0 0 0 0 1 0 0 0/0 18:26 0:00 3:17
Max Pacioretty 0 0 0 -3 2 3 3 0 0 1 0/1 17:33 0:00 1:56
Maxim Talbot 2 1 3 2 2 7 2 2 1 0 11/25 19:21 0:00 3:45
Mike Rathje 0 0 0 -2 0 0 1 2 0 2 0/0 18:23 0:00 5:31
Niko Dimitrakos 0 1 1 1 0 0 0 0 0 0 0/0 6:23 0:00 4:48
Raphael Diaz 0 0 0 -2 2 1 0 1 0 2 0/0 14:18 0:00 1:19
Ryan Callahan 0 0 0 -4 0 1 1 1 0 1 1/3 17:13 0:00 0:00
Shawn Matthias 1 0 1 0 0 1 2 0 0 0 3/8 11:21 0:00 0:00
Steven Kampfer 0 0 0 0 0 1 0 1 0 0 0/0 2:31 0:00 0:00
Ville Leino 0 1 1 2 4 4 1 0 0 0 0/0 13:42 0:00 0:18
Vojtech Polak 0 0 0 0 0 3 0 1 0 1 0/1 15:48 0:00 3:15
Players Stats for Spitfire
Player Name G A P +/- PIM S H SB GA TA FO MP PP MP PK MP
------------------------------------------------------------------------------------
Brad Staubitz 0 0 0 0 0 0 0 0 0 0 0/0 1:12 0:24 0:00
David Krejci 0 2 2 1 0 2 1 0 0 0 18/30 20:00 4:56 0:00
Denis Shvidki 0 2 2 2 0 3 0 0 0 0 0/0 12:08 0:31 0:00
Derick Brassard 1 0 1 -3 2 4 2 1 2 0 8/10 17:28 3:34 0:00
Devin Didiomete 0 0 0 0 0 0 0 0 0 0 0/0 0:00 0:00 0:00
Dick Tarnstrom 0 1 1 1 0 2 4 1 2 1 0/0 31:14 5:56 0:00
Eric Fehr 0 1 1 -3 0 2 1 0 3 0 0/0 17:51 3:34 0:00
Erik Condra 0 0 0 0 0 0 0 0 0 0 0/0 6:21 0:00 0:00
Keaton Ellerby 0 0 0 0 0 0 1 0 0 0 0/0 11:42 0:31 0:00
Kevin Klein 0 0 0 2 0 1 1 6 1 0 0/0 29:10 5:56 0:00
Kris Beech 0 2 2 2 0 2 2 1 0 1 5/12 12:50 0:50 0:00
Marc-Antoine Pouliot 0 0 0 0 0 2 1 1 0 0 2/4 7:13 0:00 0:00
Martin Samuelsson 2 1 3 2 2 5 1 1 1 1 2/2 22:16 5:07 0:00
Mathieu Roy 1 0 1 -1 0 5 5 4 0 3 0/0 22:44 2:50 0:00
Matt Walker 0 1 1 0 0 1 1 2 1 1 0/0 24:25 2:50 0:00
Paul Bissonnette 0 0 0 0 0 0 1 0 0 0 0/0 7:01 0:17 0:00
Sergei Kostitsyn 0 0 0 -3 0 0 1 0 0 0 0/0 17:03 3:32 0:00
Shean Donovan 1 2 3 2 0 4 3 1 0 0 7/11 22:53 5:04 0:00
Tim Kennedy 1 0 1 2 0 2 0 0 0 0 1/1 12:29 0:33 0:00
3 Stars
1 - Maxim Talbot (Tol)
2 - Shean Donovan (Val)
3 - Martin Samuelsson (Val)
Power Play
Sewer Rats - 0 on 0 Attempt(s) - 0,00%
Spitfire - 1 on 5 Attempt(s) - 20,00%
Penalty Kill
Sewer Rats - 4 on 5 Attempt(s) - 80,00%
- Score 1 goal in Penalty Kill
Spitfire - 0 on 0 Attempt(s) - 0,00%
- Score 0 goal in Penalty Kill
Official
Referees : Auger Stephane and Pollock Kevin
Linesman : Greg Devorski and Tony Sericolo
Game Notes
13:03 of 3rd period - Sewer Rats goal is going for a video replay. After video review, No Goal. The net was displaced accidentally.
Sewer Rats
5 vs 5 Forward
Center Left Wing Right Wing Time % Phy DF OF
1 Bryan Little Max Pacioretty Ryan Callahan 40 1 2 2
2 Maxim Talbot Ville Leino Mark Mancari 30 1 2 2
3 Shawn Matthias Vojtech Polak Chris Clark 20 1 2 2
4 Marc-André Cliche Lars Eller Derek Dorsett 10 1 2 2
5 vs 5 Defense
Defense Defense Time % Phy DF OF
1 Karel Rachunek John-Michael Liles 33 1 2 2
2 Matt Lashoff Kyle Quincey 29 1 2 2
3 Raphael Diaz Mike Rathje 28 1 2 2
4 Jonathan Paiement Steven Kampfer 10 1 2 2
PowerPlay Forward
Center Left Wing Right Wing Time % Phy DF OF
1 Bryan Little Max Pacioretty Ryan Callahan 60 1 2 2
2 Maxim Talbot Ville Leino Mark Mancari 40 1 2 2
PowerPlay Defense
Defense Defense Time % Phy DF OF
1 Karel Rachunek Raphael Diaz 60 1 2 2
2 John-Michael Liles Kyle Quincey 40 1 2 2
Penalty Kill 4 Players Forward
Center Wing Time % Phy DF OF
1 Maxim Talbot Niko Dimitrakos 60 1 2 2
2 Vojtech Polak Chris Clark 40 1 2 2
Penalty Kill 4 Players Defense
Defense Defense Time % Phy DF OF
1 Mike Rathje Karel Rachunek 60 1 2 2
2 Matt Lashoff John-Michael Liles 40 1 2 2
Penalty Kill - 3 Players Forward
Forward Time % Phy DF OF
1 Maxim Talbot 60 1 2 2
2 Ryan Callahan 40 1 2 2
Penalty Kill - 3 Players Defense
Defense Defense Time % Phy DF OF
1 Karel Rachunek John-Michael Liles 60 1 2 2
2 Matt Lashoff Kyle Quincey 40 1 2 2
4 vs 4 Forward
Center Wing Time % Phy DF OF
1 Maxim Talbot Ryan Callahan 60 1 2 2
2 Bryan Little Niko Dimitrakos 40 1 2 2
4 vs 4 Defense
Defense Defense Time % Phy DF OF
1 Karel Rachunek John-Michael Liles 60 1 2 2
2 Matt Lashoff Kyle Quincey 40 1 2 2
Last Minutes Offensive
Center Left Wing Right Wing Defense Defense
Bryan Little Max Pacioretty Ryan Callahan Karel Rachunek John-Michael Liles
Last Minutes Defensive
Center Left Wing Right Wing Defense Defense
Maxim Talbot Ville Leino Niko Dimitrakos Mike Rathje Matt Lashoff
Goaltenders
Starting : Cédric Desjardins
Backup : Jonas Gustavsson
Extra Forwards
Normal : Niko Dimitrakos, Mark Mancari, Vojtech Polak - PP : Niko Dimitrakos, Mark Mancari - PK : Vojtech Polak
Extra Defensemen
Normal : Raphael Diaz, Jonathan Paiement, Karel Rachunek - PP : Mike Rathje - PK : Raphael Diaz, Mike Rathje
Penalty Shots
Maxim Talbot, Ryan Callahan, Bryan Little, Chris Clark, Niko Dimitrakos
Spitfire
5 vs 5 Forward
Center Left Wing Right Wing Time % Phy DF OF
1 David Krejci Martin Samuelsson Shean Donovan 40 1 2 2
2 Derick Brassard Sergei Kostitsyn Eric Fehr 30 1 2 2
3 Kris Beech Tim Kennedy Denis Shvidki 20 1 2 2
4 Marc-Antoine Pouliot Paul Bissonnette Erik Condra 10 1 2 2
5 vs 5 Defense
Defense Defense Time % Phy DF OF
1 Dick Tarnstrom Kevin Klein 40 1 2 2
2 Matt Walker Mathieu Roy 30 1 2 2
3 Keaton Ellerby Dick Tarnstrom 20 1 2 2
4 Kevin Klein Matt Walker 10 1 2 2
PowerPlay Forward
Center Left Wing Right Wing Time % Phy DF OF
1 David Krejci Martin Samuelsson Shean Donovan 60 1 2 2
2 Derick Brassard Sergei Kostitsyn Eric Fehr 40 1 2 2
PowerPlay Defense
Defense Defense Time % Phy DF OF
1 Dick Tarnstrom Kevin Klein 60 1 2 2
2 Matt Walker Mathieu Roy 40 1 2 2
Penalty Kill 4 Players Forward
Center Wing Time % Phy DF OF
1 Shean Donovan Martin Samuelsson 60 1 2 2
2 Eric Fehr Denis Shvidki 40 1 2 2
Penalty Kill 4 Players Defense
Defense Defense Time % Phy DF OF
1 Dick Tarnstrom Kevin Klein 60 1 2 2
2 Matt Walker Mathieu Roy 40 1 2 2
Penalty Kill - 3 Players Forward
Forward Time % Phy DF OF
1 Shean Donovan 60 1 2 2
2 Martin Samuelsson 40 1 2 2
Penalty Kill - 3 Players Defense
Defense Defense Time % Phy DF OF
1 Dick Tarnstrom Kevin Klein 60 1 2 2
2 Matt Walker Mathieu Roy 40 1 2 2
4 vs 4 Forward
Center Wing Time % Phy DF OF
1 Shean Donovan Martin Samuelsson 60 1 2 2
2 Eric Fehr Denis Shvidki 40 1 2 2
4 vs 4 Defense
Defense Defense Time % Phy DF OF
1 Dick Tarnstrom Kevin Klein 60 1 2 2
2 Matt Walker Mathieu Roy 40 1 2 2
Last Minutes Offensive
Center Left Wing Right Wing Defense Defense
David Krejci Martin Samuelsson Shean Donovan Dick Tarnstrom Kevin Klein
Last Minutes Defensive
Center Left Wing Right Wing Defense Defense
David Krejci Martin Samuelsson Shean Donovan Dick Tarnstrom Kevin Klein
Goaltenders
Starting : Marc Denis
Backup : Yann Danis
Extra Forwards
Normal : Kris Beech, Tim Kennedy, Marc-Antoine Pouliot - PP : Kris Beech, Tim Kennedy - PK : Marc-Antoine Pouliot
Extra Defensemen
Normal : Keaton Ellerby, Mathieu Roy, Dick Tarnstrom - PP : Keaton Ellerby - PK : Mathieu Roy, Dick Tarnstrom
Penalty Shots
Shean Donovan, Martin Samuelsson, Eric Fehr, Denis Shvidki, David Krejci
% Time on Ice - Sewer Rats
Lines # - Real PCT - Wanted PCT - Time Play
Normal Forward
1 - 33% - 40% - 15:28
2 - 29% - 30% - 13:42
3 - 24% - 20% - 11:21
4 - 13% - 10% - 6:14
Normal Defense
1 - 37% - 33% - 17:08
2 - 30% - 29% - 14:14
3 - 28% - 28% - 12:52
4 - 5% - 10% - 2:31
PP Forward
1 - 0% - 60%
2 - 0% - 40%
PP Defense
1 - 0% - 60%
2 - 0% - 40%
PK Forward
1 - 76% - 60% - 7:02
2 - 24% - 40% - 2:15
PK Defense
1 - 60% - 60% - 5:35
2 - 40% - 40% - 3:42
PK3 Forward
1 - 0% - 60%
2 - 0% - 40%
PK3 Defense
1 - 0% - 60%
2 - 0% - 40%
44 Forward
1 - 87% - 60% - 3:26
2 - 13% - 40% - 0:32
44 Defense
1 - 74% - 60% - 2:56
2 - 26% - 40% - 1:02
Last Minute Offensive - 0:00
Last Minute Defensive - 0:00
Total
Forward - 60:00
Defense - 60:00
|
% Time on Ice - Spitfire
Lines # - Real PCT - Wanted PCT - Time Play
Normal Forward
1 - 32% - 40% - 15:04
2 - 31% - 30% - 14:34
3 - 23% - 20% - 10:46
4 - 14% - 10% - 6:21
Normal Defense
1 - 32% - 40% - 14:56
2 - 35% - 30% - 16:26
3 - 23% - 20% - 10:38
4 - 10% - 10% - 4:45
PP Forward
1 - 61% - 60% - 5:39
2 - 39% - 40% - 3:38
PP Defense
1 - 69% - 60% - 6:27
2 - 31% - 40% - 2:50
PK Forward
1 - 0% - 60%
2 - 0% - 40%
PK Defense
1 - 0% - 60%
2 - 0% - 40%
PK3 Forward
1 - 0% - 60%
2 - 0% - 40%
PK3 Defense
1 - 0% - 60%
2 - 0% - 40%
44 Forward
1 - 91% - 60% - 3:36
2 - 9% - 40% - 0:22
44 Defense
1 - 79% - 60% - 3:07
2 - 21% - 40% - 0:51
Last Minute Offensive - 0:00
Last Minute Defensive - 0:00
Total
Forward - 60:00
Defense - 60:00
|
Play by Play
1st period
0:01 of 1st period - David Krejci wins face-off versus Ryan Callahan in neutral zone.
0:04 of 1st period - Slapshot by David Krejci.
0:04 of 1st period - Shot Blocked by John-Michael Liles.
0:10 of 1st period - Snap shot by Bryan Little.
0:10 of 1st period - Shot Misses the Net.
0:12 of 1st period - Slapshot by Karel Rachunek.
0:12 of 1st period - Shot Blocked by Kevin Klein.
0:14 of 1st period - Slapshot by Karel Rachunek.
0:14 of 1st period - Stopped by Marc Denis with a rebound.
0:16 of 1st period - Wrist shot by Ryan Callahan.
0:16 of 1st period - Shot Blocked by Kevin Klein.
0:46 of 1st period - Slapshot by John-Michael Liles.
0:46 of 1st period - Deflect By Chris Clark.
0:46 of 1st period - Stopped by Marc Denis with a rebound.
0:54 of 1st period - Slapshot by John-Michael Liles.
0:54 of 1st period - Deflect By Vojtech Polak.
0:54 of 1st period - Shot Hit the Post.
0:54 of 1st period - Puck is out of play.
0:55 of 1st period - Marc-André Cliche wins face-off versus Marc-Antoine Pouliot in Spitfire zone.
1:04 of 1st period - Snap shot by Marc-Antoine Pouliot.
1:04 of 1st period - Shot Misses the Net.
1:20 of 1st period - Matt Walker is hit by Max Pacioretty.
1:30 of 1st period - Ryan Callahan is hit by David Krejci and loses puck.
2:22 of 1st period - Maxim Talbot is hit by Kevin Klein.
2:36 of 1st period - Wrist shot by Denis Shvidki.
2:36 of 1st period - Shot Blocked by Steven Kampfer.
2:41 of 1st period - Off-side.
2:42 of 1st period - Bryan Little wins face-off versus Kris Beech in neutral zone.
3:07 of 1st period - Dick Tarnstrom is hit by Maxim Talbot and loses puck.
3:12 of 1st period - Backhand shot by Maxim Talbot.
3:12 of 1st period - Stopped by Marc Denis without a rebound.
3:13 of 1st period - David Krejci wins face-off versus Maxim Talbot in Spitfire zone.
4:21 of 1st period - Denis Shvidki is hit by Derek Dorsett and loses puck.
4:38 of 1st period - Icing by Matt Lashoff.
4:39 of 1st period - David Krejci wins face-off versus Marc-André Cliche in Sewer Rats zone.
4:46 of 1st period - Wrist shot by Bryan Little.
4:46 of 1st period - Stopped by Marc Denis with a rebound.
5:01 of 1st period - Icing by Matt Walker.
5:02 of 1st period - Derick Brassard wins face-off versus Mark Mancari in Spitfire zone.
5:31 of 1st period - Backhand shot by Martin Samuelsson.
5:31 of 1st period - Shot Misses the Net.
5:33 of 1st period - Slapshot by Kevin Klein.
5:33 of 1st period - Shot Misses the Net.
5:51 of 1st period - John-Michael Liles is hit by Kris Beech and loses puck.
6:12 of 1st period - Karel Rachunek is hit by Marc-Antoine Pouliot and loses puck.
6:31 of 1st period - Wrist shot by Mark Mancari.
6:31 of 1st period - Goal by Mark Mancari - Sewer Rats : 1 - Spitfire : 0.
6:32 of 1st period - David Krejci wins face-off versus Bryan Little in neutral zone.
7:03 of 1st period - Snap shot by Eric Fehr.
7:03 of 1st period - Stopped by Cédric Desjardins with a rebound.
7:05 of 1st period - Backhand shot by Mathieu Roy.
7:05 of 1st period - Stopped by Cédric Desjardins without a rebound.
7:06 of 1st period - Derick Brassard wins face-off versus Shawn Matthias in Sewer Rats zone.
7:19 of 1st period - Vojtech Polak is hit by Sergei Kostitsyn and loses puck.
7:38 of 1st period - Snap shot by Derick Brassard.
7:38 of 1st period - Shot Blocked by Mike Rathje.
7:40 of 1st period - Slapshot by Mathieu Roy.
7:40 of 1st period - Shot Blocked by Vojtech Polak.
7:42 of 1st period - Slapshot by Matt Walker.
7:42 of 1st period - Shot Misses the Net.
7:44 of 1st period - Wrist shot by Eric Fehr.
7:44 of 1st period - Shot Misses the Net.
8:01 of 1st period - Wrist shot by Derick Brassard.
8:01 of 1st period - Stopped by Cédric Desjardins with a rebound.
8:03 of 1st period - Snap shot by Mathieu Roy.
8:03 of 1st period - Shot Misses the Net.
8:13 of 1st period - Snap shot by Derick Brassard.
8:13 of 1st period - Stopped by Cédric Desjardins without a rebound.
8:14 of 1st period - Bryan Little wins face-off versus David Krejci in Sewer Rats zone.
8:51 of 1st period - Icing by Dick Tarnstrom.
8:52 of 1st period - Kris Beech wins face-off versus Bryan Little in Spitfire zone.
9:13 of 1st period - Snap shot by Tim Kennedy.
9:13 of 1st period - Goal by Tim Kennedy - Sewer Rats : 1 - Spitfire : 1.
9:14 of 1st period - Ryan Callahan wins face-off versus David Krejci in neutral zone.
10:05 of 1st period - Minor Penalty to Marc-André Cliche for Hooking.
10:06 of 1st period - David Krejci wins face-off versus Maxim Talbot in Sewer Rats zone.
10:13 of 1st period - Slapshot by Martin Samuelsson.
10:13 of 1st period - Shot Blocked by Karel Rachunek.
10:15 of 1st period - Slapshot by Dick Tarnstrom.
10:15 of 1st period - Deflect By Martin Samuelsson.
10:15 of 1st period - Shot Blocked by Maxim Talbot.
10:15 of 1st period - Puck is out of play.
10:16 of 1st period - Maxim Talbot wins face-off versus David Krejci in Sewer Rats zone.
11:09 of 1st period - Slapshot by Martin Samuelsson.
11:09 of 1st period - Deflect By Shean Donovan.
11:09 of 1st period - Shot Misses the Net.
11:09 of 1st period - Puck is out of play.
11:10 of 1st period - Maxim Talbot wins face-off versus Derick Brassard in Sewer Rats zone.
11:21 of 1st period - Snap shot by Eric Fehr.
11:21 of 1st period - Shot Misses the Net.
11:23 of 1st period - Slapshot by Matt Walker.
11:23 of 1st period - Stopped by Cédric Desjardins with a rebound.
11:25 of 1st period - Snap shot by Derick Brassard.
11:25 of 1st period - Goal by Derick Brassard - Sewer Rats : 1 - Spitfire : 2.
11:26 of 1st period - Kris Beech wins face-off versus Bryan Little in neutral zone.
11:28 of 1st period - Off-side.
11:29 of 1st period - Bryan Little wins face-off versus Kris Beech in neutral zone.
13:03 of 1st period - Mike Rathje is hit by Matt Walker and loses puck.
13:21 of 1st period - Slapshot by Mark Mancari.
13:21 of 1st period - Shot Misses the Net.
13:38 of 1st period - Off-side.
13:39 of 1st period - David Krejci wins face-off versus Shawn Matthias in neutral zone.
14:11 of 1st period - Wrist shot by Max Pacioretty.
14:11 of 1st period - Shot Misses the Net.
14:25 of 1st period - Slapshot by Denis Shvidki.
14:25 of 1st period - Deflect By Kris Beech.
14:25 of 1st period - Deflect By Maxim Talbot.
14:25 of 1st period - Stopped by Cédric Desjardins with a rebound.
15:08 of 1st period - Shean Donovan is hit by Chris Clark and loses puck.
15:57 of 1st period - Off-side.
15:58 of 1st period - Maxim Talbot wins face-off versus David Krejci in neutral zone.
16:01 of 1st period - Shean Donovan is hit by Maxim Talbot and loses puck.
16:10 of 1st period - Maxim Talbot is hit by Shean Donovan and loses puck.
16:22 of 1st period - Icing by Mike Rathje.
16:23 of 1st period - Derick Brassard wins face-off versus Bryan Little in Sewer Rats zone.
17:18 of 1st period - Slapshot by Kyle Quincey.
17:18 of 1st period - Deflect By Vojtech Polak.
17:18 of 1st period - Stopped by Marc Denis with a rebound.
17:58 of 1st period - Snap shot by Derick Brassard.
17:58 of 1st period - Shot Blocked by Ryan Callahan.
18:00 of 1st period - Slapshot by Matt Walker.
18:00 of 1st period - Shot Misses the Net.
18:02 of 1st period - Snap shot by Eric Fehr.
18:02 of 1st period - Stopped by Cédric Desjardins with a rebound.
18:12 of 1st period - Wrist shot by Bryan Little.
18:12 of 1st period - Shot Blocked by Matt Walker.
18:41 of 1st period - Kevin Klein is hit by Shawn Matthias and loses puck.
18:54 of 1st period - Kevin Klein is hit by Derek Dorsett and loses puck.
19:13 of 1st period - Slapshot by Ville Leino.
19:13 of 1st period - Shot Blocked by Kevin Klein.
19:15 of 1st period - Snap shot by John-Michael Liles.
19:15 of 1st period - Stopped by Marc Denis with a rebound.
19:21 of 1st period - Snap shot by Ville Leino.
19:21 of 1st period - Shot Misses the Net.
19:41 of 1st period - Wrist shot by Martin Samuelsson.
19:41 of 1st period - Goal by Martin Samuelsson - Sewer Rats : 1 - Spitfire : 3.
19:42 of 1st period - David Krejci wins face-off versus Bryan Little in neutral zone.
2nd period
0:01 of 2nd period - Bryan Little wins face-off versus David Krejci in neutral zone.
0:04 of 2nd period - Shean Donovan is hit by Max Pacioretty and loses puck.
0:11 of 2nd period - Ryan Callahan is hit by Shean Donovan and loses puck.
0:36 of 2nd period - Minor Penalty to Maxim Talbot for Tripping.
0:37 of 2nd period - David Krejci wins face-off versus Vojtech Polak in Sewer Rats zone.
1:42 of 2nd period - Wrist shot by Bryan Little.
1:42 of 2nd period - Stopped by Marc Denis with a rebound.
1:48 of 2nd period - Max Pacioretty is hit by Shean Donovan and loses puck.
2:36 of 2nd period - Penalty to Maxim Talbot is over, Maxim Talbot is back on ice.
2:45 of 2nd period - Slapshot by Denis Shvidki.
2:45 of 2nd period - Stopped by Cédric Desjardins with a rebound.
2:47 of 2nd period - Slapshot by Mathieu Roy.
2:47 of 2nd period - Stopped by Cédric Desjardins with a rebound.
2:49 of 2nd period - Snap shot by Matt Walker.
2:49 of 2nd period - Shot Misses the Net.
2:55 of 2nd period - Wrist shot by Denis Shvidki.
2:55 of 2nd period - Stopped by Cédric Desjardins with a rebound.
3:09 of 2nd period - Snap shot by Marc-André Cliche.
3:09 of 2nd period - Stopped by Marc Denis without a rebound.
3:10 of 2nd period - Derick Brassard wins face-off versus Marc-André Cliche in Spitfire zone.
3:23 of 2nd period - Snap shot by Eric Fehr.
3:23 of 2nd period - Shot Blocked by Jonathan Paiement.
3:25 of 2nd period - Slapshot by Mathieu Roy.
3:25 of 2nd period - Stopped by Cédric Desjardins without a rebound.
3:26 of 2nd period - Bryan Little wins face-off versus Kris Beech in Sewer Rats zone.
3:33 of 2nd period - Slapshot by Ryan Callahan.
3:33 of 2nd period - Shot Misses the Net.
3:35 of 2nd period - Slapshot by Steven Kampfer.
3:35 of 2nd period - Deflect By Denis Shvidki.
3:35 of 2nd period - Stopped by Marc Denis with a rebound.
3:37 of 2nd period - Wrist shot by Max Pacioretty.
3:37 of 2nd period - Stopped by Marc Denis with a rebound.
3:39 of 2nd period - Snap shot by Ryan Callahan.
3:39 of 2nd period - Shot Blocked by Matt Walker.
3:41 of 2nd period - Snap shot by Jonathan Paiement.
3:41 of 2nd period - Stopped by Marc Denis without a rebound.
3:42 of 2nd period - David Krejci wins face-off versus Mark Mancari in Spitfire zone.
3:56 of 2nd period - Double Minor Penalty to Ville Leino for Slashing.
3:57 of 2nd period - Maxim Talbot wins face-off versus David Krejci in Sewer Rats zone.
4:06 of 2nd period - Backhand shot by Dick Tarnstrom.
4:06 of 2nd period - Deflect By David Krejci.
4:06 of 2nd period - Stopped by Cédric Desjardins with a rebound.
4:08 of 2nd period - Snap shot by David Krejci.
4:08 of 2nd period - Shot Blocked by Karel Rachunek.
4:10 of 2nd period - Slapshot by Kevin Klein.
4:10 of 2nd period - Shot Blocked by Karel Rachunek.
4:12 of 2nd period - Snap shot by David Krejci.
4:12 of 2nd period - Stopped by Cédric Desjardins with a rebound.
4:31 of 2nd period - Slapshot by Maxim Talbot.
4:31 of 2nd period - Goal by Maxim Talbot - Sewer Rats : 2 - Spitfire : 3.
4:32 of 2nd period - David Krejci wins face-off versus Maxim Talbot in neutral zone.
5:01 of 2nd period - Snap shot by Dick Tarnstrom.
5:01 of 2nd period - Shot Misses the Net.
7:56 of 2nd period - Penalty to Ville Leino is over, Ville Leino is back on ice.
8:01 of 2nd period - Raphael Diaz is hit by Mathieu Roy and loses puck.
8:38 of 2nd period - Bryan Little is hit by Paul Bissonnette and loses puck.
9:02 of 2nd period - Slapshot by Marc-Antoine Pouliot.
9:02 of 2nd period - Stopped by Cédric Desjardins without a rebound.
9:03 of 2nd period - Shawn Matthias wins face-off versus David Krejci in Sewer Rats zone.
9:03 of 2nd period - Shawn Matthias is hit by Dick Tarnstrom.
9:11 of 2nd period - Slapshot by Chris Clark.
9:11 of 2nd period - Shot Misses the Net.
9:59 of 2nd period - Dick Tarnstrom is hit by Mike Rathje and loses puck.
10:02 of 2nd period - Wrist shot by Tim Kennedy.
10:02 of 2nd period - Stopped by Cédric Desjardins without a rebound.
10:03 of 2nd period - Maxim Talbot wins face-off versus Kris Beech in Sewer Rats zone.
10:13 of 2nd period - Icing by Matt Walker.
10:14 of 2nd period - Kris Beech wins face-off versus Maxim Talbot in Spitfire zone.
10:32 of 2nd period - Slapshot by Denis Shvidki.
10:32 of 2nd period - Shot Blocked by Maxim Talbot.
10:34 of 2nd period - Wrist shot by Kris Beech.
10:34 of 2nd period - Deflect By Mark Mancari.
10:34 of 2nd period - Shot Blocked by John-Michael Liles.
10:34 of 2nd period - Puck is out of play.
10:35 of 2nd period - Shawn Matthias wins face-off versus David Krejci in Sewer Rats zone.
10:46 of 2nd period - Wrist shot by Martin Samuelsson.
10:46 of 2nd period - Stopped by Cédric Desjardins without a rebound.
10:47 of 2nd period - David Krejci wins face-off versus Bryan Little in Sewer Rats zone.
10:48 of 2nd period - Slapshot by Martin Samuelsson.
10:48 of 2nd period - Stopped by Cédric Desjardins without a rebound.
10:49 of 2nd period - Bryan Little wins face-off versus David Krejci in Sewer Rats zone.
11:16 of 2nd period - Off-side.
11:17 of 2nd period - Maxim Talbot wins face-off versus Kris Beech in neutral zone.
11:31 of 2nd period - Wrist shot by Kris Beech.
11:31 of 2nd period - Shot Blocked by Mike Rathje.
11:43 of 2nd period - David Krejci is hit by Shawn Matthias and loses puck.
11:50 of 2nd period - Wrist shot by Vojtech Polak.
11:50 of 2nd period - Stopped by Marc Denis with a rebound.
11:52 of 2nd period - Wrist shot by Chris Clark.
11:52 of 2nd period - Shot Misses the Net.
11:54 of 2nd period - Snap shot by Karel Rachunek.
11:54 of 2nd period - Shot Blocked by Mathieu Roy.
12:12 of 2nd period - Mathieu Roy is hit by John-Michael Liles and loses puck.
12:31 of 2nd period - Wrist shot by John-Michael Liles.
12:31 of 2nd period - Shot Blocked by Dick Tarnstrom.
12:42 of 2nd period - Icing by Marc-Antoine Pouliot.
12:43 of 2nd period - Marc-Antoine Pouliot wins face-off versus Maxim Talbot in Spitfire zone.
12:50 of 2nd period - Snap shot by Maxim Talbot.
12:50 of 2nd period - Deflect By Shean Donovan.
12:50 of 2nd period - Shot Blocked by Kevin Klein.
12:50 of 2nd period - Puck is out of play.
12:51 of 2nd period - Shean Donovan wins face-off versus Bryan Little in Spitfire zone.
13:01 of 2nd period - Off-side.
13:02 of 2nd period - David Krejci wins face-off versus Bryan Little in neutral zone.
13:09 of 2nd period - Wrist shot by Bryan Little.
13:09 of 2nd period - Shot Misses the Net.
13:17 of 2nd period - Snap shot by Bryan Little.
13:17 of 2nd period - Shot Blocked by Martin Samuelsson.
13:18 of 2nd period - Minor Penalty to Martin Samuelsson for Interference.
13:18 of 2nd period - Minor Penalty to Max Pacioretty for Hooking.
13:19 of 2nd period - Shean Donovan wins face-off versus Maxim Talbot in Spitfire zone.
13:56 of 2nd period - Snap shot by Maxim Talbot.
13:56 of 2nd period - Shot Misses the Net.
13:58 of 2nd period - Snap shot by Kyle Quincey.
13:58 of 2nd period - Deflect By Maxim Talbot.
13:58 of 2nd period - Stopped by Marc Denis without a rebound.
13:59 of 2nd period - Shean Donovan wins face-off versus Maxim Talbot in Spitfire zone.
14:46 of 2nd period - Mark Mancari is hit by Dick Tarnstrom.
15:07 of 2nd period - Vojtech Polak is hit by Mathieu Roy.
15:14 of 2nd period - Icing by Tim Kennedy.
15:15 of 2nd period - Tim Kennedy wins face-off versus Mark Mancari in Spitfire zone.
15:18 of 2nd period - Penalty to Martin Samuelsson is over, Martin Samuelsson is back on ice.
15:18 of 2nd period - Penalty to Max Pacioretty is over, Max Pacioretty is back on ice.
15:22 of 2nd period - Snap shot by Mathieu Roy.
15:22 of 2nd period - Stopped by Cédric Desjardins without a rebound.
15:23 of 2nd period - Derick Brassard wins face-off versus Shawn Matthias in Sewer Rats zone.
15:45 of 2nd period - Icing by Chris Clark.
15:46 of 2nd period - David Krejci wins face-off versus Maxim Talbot in Sewer Rats zone.
15:47 of 2nd period - Snap shot by Martin Samuelsson.
15:47 of 2nd period - Shot Misses the Net.
16:53 of 2nd period - Kyle Quincey is hit by Dick Tarnstrom and loses puck.
17:02 of 2nd period - Slapshot by Matt Lashoff.
17:02 of 2nd period - Deflect By Derek Dorsett.
17:02 of 2nd period - Shot Blocked by Marc-Antoine Pouliot.
17:02 of 2nd period - Puck is out of play.
17:03 of 2nd period - David Krejci wins face-off versus Bryan Little in Spitfire zone.
17:15 of 2nd period - Icing by Martin Samuelsson.
17:16 of 2nd period - David Krejci wins face-off versus Ryan Callahan in Spitfire zone.
18:39 of 2nd period - Snap shot by Vojtech Polak.
18:39 of 2nd period - Stopped by Marc Denis with a rebound.
18:41 of 2nd period - Slapshot by Kyle Quincey.
18:41 of 2nd period - Shot Blocked by Shean Donovan.
18:53 of 2nd period - Snap shot by Chris Clark.
18:53 of 2nd period - Stopped by Marc Denis with a rebound.
18:55 of 2nd period - Snap shot by Shawn Matthias.
18:55 of 2nd period - Goal by Shawn Matthias - Sewer Rats : 3 - Spitfire : 3.
18:56 of 2nd period - Derick Brassard wins face-off versus Bryan Little in neutral zone.
18:58 of 2nd period - Minor Penalty to Derick Brassard for Holding.
18:58 of 2nd period - Minor Penalty to Raphael Diaz for Hooking.
18:59 of 2nd period - Maxim Talbot wins face-off versus Shean Donovan in neutral zone.
19:15 of 2nd period - Wrist shot by Maxim Talbot.
19:15 of 2nd period - Shot Misses the Net.
19:33 of 2nd period - Snap shot by Eric Fehr.
19:33 of 2nd period - Shot Blocked by Karel Rachunek.
19:52 of 2nd period - Off-side.
19:53 of 2nd period - Bryan Little wins face-off versus Shean Donovan in neutral zone.
3rd period
0:01 of 3rd period - Shean Donovan wins face-off versus Maxim Talbot in neutral zone.
0:05 of 3rd period - Off-side.
0:06 of 3rd period - Shean Donovan wins face-off versus Maxim Talbot in neutral zone.
0:19 of 3rd period - Wrist shot by Shean Donovan.
0:19 of 3rd period - Goal by Shean Donovan - Sewer Rats : 3 - Spitfire : 4.
0:20 of 3rd period - Shean Donovan wins face-off versus Maxim Talbot in neutral zone.
0:23 of 3rd period - Slapshot by Kevin Klein.
0:23 of 3rd period - Deflect By Martin Samuelsson.
0:23 of 3rd period - Stopped by Cédric Desjardins without a rebound.
0:24 of 3rd period - Shean Donovan wins face-off versus Maxim Talbot in Sewer Rats zone.
0:25 of 3rd period - Wrist shot by Martin Samuelsson.
0:25 of 3rd period - Deflect By Karel Rachunek.
0:25 of 3rd period - Shot Misses the Net.
0:25 of 3rd period - Puck is out of play.
0:26 of 3rd period - Maxim Talbot wins face-off versus Shean Donovan in Sewer Rats zone.
0:30 of 3rd period - Off-side.
0:31 of 3rd period - Maxim Talbot wins face-off versus Shean Donovan in neutral zone.
0:58 of 3rd period - Penalty to Derick Brassard is over, Derick Brassard is back on ice.
0:58 of 3rd period - Penalty to Raphael Diaz is over, Raphael Diaz is back on ice.
1:13 of 3rd period - Backhand shot by Chris Clark.
1:13 of 3rd period - Shot Misses the Net.
1:15 of 3rd period - Slapshot by Mike Rathje.
1:15 of 3rd period - Shot Misses the Net.
1:32 of 3rd period - Snap shot by Marc-Antoine Pouliot.
1:32 of 3rd period - Shot Misses the Net.
1:34 of 3rd period - Slapshot by Dick Tarnstrom.
1:34 of 3rd period - Deflect By Raphael Diaz.
1:34 of 3rd period - Stopped by Cédric Desjardins without a rebound.
1:35 of 3rd period - Bryan Little wins face-off versus David Krejci in Sewer Rats zone.
1:35 of 3rd period - Bryan Little is hit by Mathieu Roy.
1:43 of 3rd period - David Krejci is hit by Ryan Callahan and loses puck.
2:08 of 3rd period - Wrist shot by Maxim Talbot.
2:08 of 3rd period - Goal by Maxim Talbot - Sewer Rats : 4 - Spitfire : 4.
2:09 of 3rd period - David Krejci wins face-off versus Bryan Little in neutral zone.
2:20 of 3rd period - Snap shot by Shean Donovan.
2:20 of 3rd period - Stopped by Cédric Desjardins with a rebound.
2:24 of 3rd period - Slapshot by Martin Samuelsson.
2:24 of 3rd period - Goal by Martin Samuelsson - Sewer Rats : 4 - Spitfire : 5.
2:25 of 3rd period - Martin Samuelsson wins face-off versus Bryan Little in neutral zone.
2:25 of 3rd period - Minor Penalty to Karel Rachunek for Hooking.
2:26 of 3rd period - Maxim Talbot wins face-off versus David Krejci in Sewer Rats zone.
2:37 of 3rd period - Slapshot by Dick Tarnstrom.
2:37 of 3rd period - Shot Blocked by Raphael Diaz.
2:39 of 3rd period - Wrist shot by David Krejci.
2:39 of 3rd period - Deflect By Shean Donovan.
2:39 of 3rd period - Stopped by Cédric Desjardins with a rebound.
2:41 of 3rd period - Slapshot by Kevin Klein.
2:41 of 3rd period - Stopped by Cédric Desjardins with a rebound.
2:59 of 3rd period - Snap shot by Eric Fehr.
2:59 of 3rd period - Shot Misses the Net.
4:25 of 3rd period - Penalty to Karel Rachunek is over, Karel Rachunek is back on ice.
4:36 of 3rd period - Vojtech Polak is hit by Kris Beech and loses puck.
4:43 of 3rd period - Snap shot by Denis Shvidki.
4:43 of 3rd period - Stopped by Cédric Desjardins with a rebound.
4:54 of 3rd period - Off-side.
4:55 of 3rd period - Marc-André Cliche wins face-off versus Marc-Antoine Pouliot in neutral zone.
5:12 of 3rd period - Lars Eller is hit by Mathieu Roy.
5:43 of 3rd period - Wrist shot by Maxim Talbot.
5:43 of 3rd period - Stopped by Marc Denis with a rebound.
6:13 of 3rd period - Slapshot by Dick Tarnstrom.
6:13 of 3rd period - Stopped by Cédric Desjardins with a rebound.
6:22 of 3rd period - Icing by Chris Clark.
6:23 of 3rd period - Marc-Antoine Pouliot wins face-off versus Shawn Matthias in Sewer Rats zone.
7:11 of 3rd period - Slapshot by Raphael Diaz.
7:11 of 3rd period - Stopped by Marc Denis without a rebound.
7:12 of 3rd period - Kris Beech wins face-off versus Maxim Talbot in Spitfire zone.
7:34 of 3rd period - Snap shot by Ville Leino.
7:34 of 3rd period - Shot Misses the Net.
7:36 of 3rd period - Snap shot by Matt Lashoff.
7:36 of 3rd period - Shot Blocked by Kris Beech.
7:38 of 3rd period - Slapshot by Matt Lashoff.
7:38 of 3rd period - Deflect By Ville Leino.
7:38 of 3rd period - Shot Blocked by Mathieu Roy.
7:38 of 3rd period - Puck is out of play.
7:39 of 3rd period - David Krejci wins face-off versus Max Pacioretty in Spitfire zone.
7:39 of 3rd period - David Krejci is hit by Karel Rachunek.
7:55 of 3rd period - Snap shot by David Krejci.
7:55 of 3rd period - Shot Hit the Post.
8:05 of 3rd period - Karel Rachunek is hit by Eric Fehr and loses puck.
8:12 of 3rd period - Wrist shot by Eric Fehr.
8:12 of 3rd period - Shot Misses the Net.
8:56 of 3rd period - Snap shot by Ryan Callahan.
8:56 of 3rd period - Shot Blocked by Mathieu Roy.
9:00 of 3rd period - Snap shot by Bryan Little.
9:00 of 3rd period - Shot Misses the Net.
9:10 of 3rd period - Snap shot by Chris Clark.
9:10 of 3rd period - Stopped by Marc Denis with a rebound.
9:22 of 3rd period - Snap shot by Kris Beech.
9:22 of 3rd period - Stopped by Cédric Desjardins with a rebound.
9:24 of 3rd period - Slapshot by Mathieu Roy.
9:24 of 3rd period - Goal by Mathieu Roy - Sewer Rats : 4 - Spitfire : 6.
9:25 of 3rd period - Bryan Little wins face-off versus David Krejci in neutral zone.
9:28 of 3rd period - Shean Donovan is hit by Bryan Little and loses puck.
9:35 of 3rd period - Wrist shot by Bryan Little.
9:35 of 3rd period - Stopped by Marc Denis with a rebound.
9:37 of 3rd period - Wrist shot by Ryan Callahan.
9:37 of 3rd period - Deflect By Max Pacioretty.
9:37 of 3rd period - Stopped by Marc Denis with a rebound.
9:39 of 3rd period - Wrist shot by Karel Rachunek.
9:39 of 3rd period - Shot Misses the Net.
9:41 of 3rd period - Slapshot by Ryan Callahan.
9:41 of 3rd period - Shot Misses the Net.
10:01 of 3rd period - Snap shot by Chris Clark.
10:01 of 3rd period - Shot Blocked by Kevin Klein.
10:03 of 3rd period - Slapshot by Kyle Quincey.
10:03 of 3rd period - Deflect By Dick Tarnstrom.
10:03 of 3rd period - Stopped by Marc Denis without a rebound.
10:04 of 3rd period - Bryan Little wins face-off versus Derick Brassard in Spitfire zone.
10:13 of 3rd period - Wrist shot by Bryan Little.
10:13 of 3rd period - Shot Blocked by Derick Brassard.
10:43 of 3rd period - Icing by Vojtech Polak.
10:44 of 3rd period - David Krejci wins face-off versus Shawn Matthias in Sewer Rats zone.
10:45 of 3rd period - Wrist shot by Shean Donovan.
10:45 of 3rd period - Stopped by Cédric Desjardins with a rebound.
10:47 of 3rd period - Slapshot by Dick Tarnstrom.
10:47 of 3rd period - Shot Misses the Net.
11:12 of 3rd period - Slapshot by Bryan Little.
11:12 of 3rd period - Stopped by Marc Denis with a rebound.
11:49 of 3rd period - Mike Rathje is hit by Mathieu Roy.
12:17 of 3rd period - Slapshot by Bryan Little.
12:17 of 3rd period - Shot Hit the Post.
12:40 of 3rd period - Kevin Klein is hit by Chris Clark and loses puck.
12:55 of 3rd period - Wrist shot by Ville Leino.
12:55 of 3rd period - Stopped by Marc Denis without a rebound.
12:56 of 3rd period - Maxim Talbot wins face-off versus Kris Beech in Spitfire zone.
12:59 of 3rd period - Snap shot by Ville Leino.
12:59 of 3rd period - Shot Misses the Net.
13:01 of 3rd period - Wrist shot by Ville Leino.
13:01 of 3rd period - Stopped by Marc Denis with a rebound.
13:03 of 3rd period - Snap shot by Ville Leino.
13:03 of 3rd period - Sewer Rats goal is going for a video replay.
13:03 of 3rd period - The goal is refused. The net was displaced accidentally..
13:04 of 3rd period - Martin Samuelsson wins face-off versus Bryan Little in Spitfire zone.
13:04 of 3rd period - Martin Samuelsson is hit by John-Michael Liles.
13:16 of 3rd period - Snap shot by David Krejci.
13:16 of 3rd period - Shot Misses the Net.
13:40 of 3rd period - Icing by Eric Fehr.
13:41 of 3rd period - Derick Brassard wins face-off versus Bryan Little in Spitfire zone.
13:41 of 3rd period - Derick Brassard is hit by Max Pacioretty.
14:09 of 3rd period - Slapshot by Shean Donovan.
14:09 of 3rd period - Shot Misses the Net.
14:17 of 3rd period - Matt Walker is hit by Ville Leino and loses puck.
14:56 of 3rd period - Wrist shot by Marc-Antoine Pouliot.
14:56 of 3rd period - Stopped by Cédric Desjardins with a rebound.
15:44 of 3rd period - Snap shot by Bryan Little.
15:44 of 3rd period - Stopped by Marc Denis with a rebound.
16:06 of 3rd period - Wrist shot by Ryan Callahan.
16:06 of 3rd period - Stopped by Marc Denis with a rebound.
16:08 of 3rd period - Wrist shot by Max Pacioretty.
16:08 of 3rd period - Deflect By Dick Tarnstrom.
16:08 of 3rd period - Stopped by Marc Denis without a rebound.
16:09 of 3rd period - Shawn Matthias wins face-off versus Kris Beech in Spitfire zone.
16:34 of 3rd period - Matt Lashoff is hit by Derick Brassard and loses puck.
16:39 of 3rd period - Wrist shot by Derick Brassard.
16:39 of 3rd period - Shot Blocked by Matt Lashoff.
17:07 of 3rd period - Shawn Matthias is hit by Martin Samuelsson and loses puck.
17:22 of 3rd period - Off-side.
17:23 of 3rd period - Derick Brassard wins face-off versus Maxim Talbot in neutral zone.
17:26 of 3rd period - Mark Mancari is hit by Dick Tarnstrom and loses puck.
17:43 of 3rd period - Karel Rachunek is hit by Derick Brassard and loses puck.
17:54 of 3rd period - Wrist shot by Derick Brassard.
17:54 of 3rd period - Stopped by Cédric Desjardins with a rebound.
18:12 of 3rd period - Wrist shot by Maxim Talbot.
18:12 of 3rd period - Stopped by Marc Denis with a rebound.
18:22 of 3rd period - Snap shot by Ville Leino.
18:22 of 3rd period - Shot Misses the Net.
18:42 of 3rd period - Maxim Talbot is hit by Keaton Ellerby and loses puck.
18:53 of 3rd period - Snap shot by Maxim Talbot.
18:53 of 3rd period - Stopped by Marc Denis with a rebound.
18:55 of 3rd period - Slapshot by Maxim Talbot.
18:55 of 3rd period - Shot Blocked by Mathieu Roy.
18:57 of 3rd period - Backhand shot by Ville Leino.
18:57 of 3rd period - Stopped by Marc Denis with a rebound.
18:59 of 3rd period - Snap shot by Mark Mancari.
18:59 of 3rd period - Stopped by Marc Denis without a rebound.
19:00 of 3rd period - Kris Beech wins face-off versus Marc-André Cliche in Spitfire zone.
19:16 of 3rd period - Slapshot by Raphael Diaz.
19:16 of 3rd period - Shot Blocked by Kevin Klein.
Output by the SimonT Hockey Simulator (STHS) for François Prévost -- Original Page W3C XHTML 1.0 Valid